 Dungeon Crawl Stone Soup version 0.23-b1-67-g8bd44de8e4 (webtiles) character file.

Game seed: 6915340276306769216

5839 Unholydonuts the Thaumaturge (level 10, -5/60 HPs)
             Began as a Deep Elf Fire Elementalist on Feb 6, 2019.
             Was a Follower of Vehumet.
             Killed from afar by Joseph the human skeleton (27 damage)
             ... with an exploding inner flame
             ... animated by the player character
             ... hexed by the player character
             ... on level 10 of the Dungeon.
             The game lasted 01:05:45 (14570 turns).

Unholydonuts the Thaumaturge (DEFE)                Turns: 14570, Time: 01:05:46

Health: -5/60      AC:  7    Str:  5    XL:     10   Next: 51%
Magic:  23/27      EV: 18    Int: 24    God:    Vehumet [*.....]
Gold:   444        SH:  3    Dex: 15    Spells: 12/31 levels left

rFire    . . .     SeeInvis .   H - +0 quarterstaff (freeze)
rCold    + . .     Gourm    .   (shield currently unavailable)
rNeg     . . .     Faith    .   I - +1 robe {rC+}
rPois    +         Spirit   .   y - +0 helmet
rElec    .         Reflect  +   C - +1 cloak
rCorr    .         Harm     .   B - +0 pair of gloves
MR       +....                  (no boots)
Stlth    ++++......             x - +3 amulet of reflection
HPRegen  0.20/turn              E - +2 ring of evasion
MPRegen  0.20/turn              e - ring of poison resistance {rPois, !d}

@: no status effects
A: no striking features
a: Renounce Religion


You were on level 10 of the Dungeon.
You worshipped Vehumet.
Vehumet was aware of your devotion.
You were not hungry.

You visited 2 branches of the dungeon, and saw 11 of its levels.

You collected 521 gold pieces.
You spent 77 gold pieces at shops.

Inventory:

Hand Weapons
 a - a +3 falchion
   (You took it off an orc priest on level 8 of the Dungeon)
 j - a +1 hunting sling
   (You found it on level 1 of the Dungeon)
 H - a +0 quarterstaff of freezing (weapon)
   (You took it off Fannar on level 10 of the Dungeon)
Missiles
 b - 394 stones (quivered)
 n - 2 throwing nets {=f, !d}
Armour
 d - a +0 robe
   (You found it on level 7 of the Dungeon)
 y - a +0 helmet (worn)
   (You found it on level 6 of the Dungeon)
 z - a +2 leather armour of magic resistance
   (You took it off Eustachio on level 5 of the Dungeon)
 B - a +0 pair of gloves (worn)
   (You found it on level 7 of the Dungeon)
 C - a +1 cloak (worn)
   (You took it off Crazy Yiuf on level 5 of the Dungeon)
 I - a +1 robe of cold resistance (worn)
   (You took it off Fannar on level 10 of the Dungeon)
Jewellery
 e - a ring of poison resistance (right hand) {rPois, !d}
   (You found it on level 3 of the Dungeon)
 f - the ring "Fukliur" {Ice *Corrode rPois MR+++ Stlth+}
   (You found it on level 6 of the Dungeon)

   [ring of ice]

   It enhances your ice magic.
   It makes you vulnerable to fire.
   It protects you from cold.
   It protects you from poison.
   It affects your resistance to hostile enchantments.
   It may corrode you when you take damage.
   It makes you more stealthy.
 l - an uncursed amulet of the gourmand {Gourm, !d}
   (You found it on level 6 of the Dungeon)
 x - a +3 amulet of reflection (around neck)
   (You found it on level 6 of the Dungeon)
 E - a +2 ring of evasion (left hand)
   (You found it on level 7 of the Dungeon)
 F - an uncursed ring of wizardry {unknown}
   (You found it on level 9 of the Dungeon)
 G - an uncursed ring of ice {rC+, rF-}
   (You took it off Fannar on level 10 of the Dungeon)
Wands
 h - a wand of flame (26)
   (You found it on level 8 of the Dungeon)
 t - a wand of polymorph (12)
   (You took it off a wight on level 3 of the Dungeon)
 u - a wand of iceblast (9)
   (You found it on level 6 of the Dungeon)
 A - a wand of clouds (6)
   (You found it on level 8 of the Dungeon)
Scrolls
 p - a scroll of remove curse
 r - a scroll of blinking {!r}
 s - 2 scrolls of identify
 v - 2 scrolls of teleportation
 D - 2 scrolls of enchant weapon
Potions
 g - 2 potions of degeneration {unknown}
 i - 5 potions of agility
 k - 2 potions of brilliance {unknown}
 m - a potion of haste
 o - 3 potions of curing
 q - a potion of magic {unknown}
 w - a potion of might {unknown}
Comestibles
 c - 3 rations
 J - 3 chunks of flesh {@w0}


   Skills:
 * Level 6.1 Fighting
 + Level 7.0 Dodging
 + Level 7.4 Stealth
 * Level 11.1 Spellcasting
 + Level 6.3 Conjurations
 + Level 7.3 Fire Magic


You had 12 spell levels left.
You knew the following spells:

 Your Spells              Type           Power        Failure   Level  Hunger
a - Inner Flame           Hex/Fire       ####....     3%          3    None
b - Throw Flame           Conj/Fire      #####.       1%          2    None
c - Conjure Flame         Conj/Fire      #####...     1%          3    None
d - Sticky Flame          Conj/Fire      #####...     2%          4    None
e - Magic Dart            Conj           ####         1%          1    None
f - Fireball              Conj/Fire      #####.....   8%          5    ####...
A - Animate Skeleton      Necr           N/A          4%          1    None

Your spell library contained the following spells:

 Spells                   Type           Power        Failure   Level  Hunger
 Flame Tongue             Conj/Fire      #####        1%          1    None
 Apportation              Tloc           ##....       4%          1    None
 Confusing Touch          Hex            ##....       4%          1    None
 Summon Small Mammal      Summ           ##..         4%          1    None
 Confuse                  Hex            ##......     14%         3    None
 Gell's Gravitas          Tloc           ##........   14%         3    None
 Petrify                  Tmut/Erth      ##......     43%         4    None
 Metabolic Englaciation   Hex/Ice        ##........   78%         5    ####...
 Yara's Violent Unravell  Hex/Tmut       ##........   78%         5    ####...


Dungeon Overview and Level Annotations

Branches:
Dungeon (10/15)            Temple (1/1) D:6
   Lair: D:8-11         Orc: D:9-12

Altars:
Ashenzari
Cheibriados
Dithmenos
Elyvilon
Fedhas
Gozag
Hepliaklqana
Kikubaaqudgha
Makhleb
Nemelex Xobeh
Okawaru
Qazlal
Ru
Sif Muna
Trog
Uskayaw
Vehumet
Wu Jian
Xom
Yredelemnul
Zin

Shops:
D:4 }


Message History

Joseph shoots a sling bullet.
The sling bullet hits you!
There is a stone staircase leading up, spattered with blood here.
You see here 4 sling bullets.
Spoiler Alert: Joseph shoots branded sling bullets!
Joseph shoots a sling bullet.
The sling bullet hits you!
You see here a sling bullet.
A worker ant comes into view.
Aim: a worker ant (resting)
The puff of flame hits the worker ant!
The worker ant twitches its antennae in your direction.
Joseph shoots a sling bullet.
The sling bullet misses you.
Spoiler Alert: Joseph shoots branded sling bullets!
The worker ant bites you but does no damage.
Aim: a worker ant (heavily wounded)
The puff of flame hits the worker ant!
You kill the worker ant!
Vehumet accepts your kill.
Joseph shoots a sling bullet.
The sling bullet completely misses you.
You see here a sling bullet.
Spoiler Alert: Joseph shoots branded sling bullets!
Joseph shoots a sling bullet.
The sling bullet hits you!
You see here a sling bullet.
Joseph unwields a +0 hunting sling.
Joseph wields a +5 quarterstaff of protection.
Joseph hits you but does no damage.
You see here a sling bullet.
Spoiler Alert: Joseph shoots branded sling bullets!
Aim: Joseph, wielding a +5 quarterstaff of protection and wearing a +0 leather armour The sticky flame hits Joseph!
Joseph is covered in liquid flames!
Joseph burns!
Spoiler Alert: Joseph (burning) shoots branded sling bullets!
Aim: Joseph, wielding a +5 quarterstaff of protection and wearing a +0 leather armour (lightly wounded, covered in liquid flames)
The puff of flame hits Joseph.
Joseph burns!
Joseph barely misses you.
Spoiler Alert: Joseph (burning) shoots branded sling bullets!
Aim: Joseph, wielding a +5 quarterstaff of protection and wearing a +0 leather armour (moderately wounded, covered in liquid flames)
The puff of flame hits Joseph!
Joseph burns!
Joseph misses you.
Spoiler Alert: Joseph (burning) shoots branded sling bullets!
Aim: Joseph, wielding a +5 quarterstaff of protection and wearing a +0 leather armour (heavily wounded, covered in liquid flames)
The puff of flame hits Joseph.
Joseph burns!
Joseph hits you but does no damage.
Spoiler Alert: Joseph (burning) shoots branded sling bullets!
Aim: Joseph, wielding a +5 quarterstaff of protection and wearing a +0 leather armour (heavily wounded, covered in liquid flames)
The puff of flame hits Joseph!
Joseph burns!
Joseph closely misses you.
Spoiler Alert: Joseph (burning) shoots branded sling bullets!
Aim: Joseph, wielding a +5 quarterstaff of protection and wearing a +0 leather armour (severely wounded, covered in liquid flames)
The puff of flame hits Joseph!
Joseph burns!
Joseph hits you with a +5 quarterstaff of protection!
* * * LOW HITPOINT WARNING * * *
Spoiler Alert: Joseph (burning) shoots branded sling bullets!
Aim: Joseph, wielding a +5 quarterstaff of protection and wearing a +0 leather armour (almost dead, covered in liquid flames)
The puff of flame hits Joseph.
You kill Joseph!
Vehumet accepts your kill.
Your Fighting skill increases to level 6!
Your Dodging skill increases to level 7!
Your Spellcasting skill increases to level 11!
Items here: ( )) [ † a +5 quarterstaff of protection; a +0 hunting sling; 22 sling bullets a +0 leather armour; the human corpse of Joseph You butcher the human corpse of Joseph.
J - 3 chunks of flesh {@w0}
Items here: ( )) [ ÷ a +5 quarterstaff of protection; a +0 hunting sling; 22 sling bullets a +0 leather armour; the human skeleton of Joseph You start resting.
A porcupine comes into view.
You attempt to give life to the dead...
The dead are walking!
You see here a sling bullet.
You swap places.
The porcupine twitches its whiskers.
You see here a sling bullet.
Aim: Joseph the human skeleton, wielding a +5 quarterstaff of protection and wearing a +0 leather armour (friendly, chance to defeat MR: 91%) Joseph is filled with an inner flame.
The porcupine bites Joseph.
Joseph is struck by the porcupine's spines.
Joseph barely misses the porcupine.
Joseph misses the porcupine.
The porcupine barely misses you.
Joseph is struck by the porcupine's spines.
Joseph barely misses the porcupine.
The porcupine bites you! The porcupine closely misses you.
You swap places.
Joseph misses the porcupine.
The porcupine misses you. The porcupine closely misses you.
Joseph hits the porcupine with a +5 quarterstaff of protection!
The porcupine completely misses you.
You see here a sling bullet.
The porcupine twitches its whiskers.
You see here a sling bullet.
The porcupine completely misses you. The porcupine bites you.
The porcupine misses you. The porcupine misses you.
Joseph is struck by the porcupine's spines.
Joseph hits the porcupine with a +5 quarterstaff of protection!
You swap places.
The porcupine bites Joseph.
You swap places.
The porcupine bites Joseph!
Joseph the human skeleton explodes!
The fiery explosion engulfs the porcupine!!
You kill the porcupine!
Vehumet accepts your kill. The fiery explosion engulfs you!!
You die...

#.........<<........
#..#####............
#(.# #(...........
#..# #............
#..# #..#####.....
#..# #..# #.....
#§§# #..# #.....
########§§#####).#
#.....
.........§@..((..#
.....
....######....(..#
..... .
######..#####.....
#............
#............
#.#########.. #.# .
#.# #.#


There were no monsters in sight!

Vanquished Creatures
  Fannar (D:10)
  A two-headed ogre (D:9)
  Pikel (D:7)
  Joseph (D:10)
  A troll (D:9)
  Eustachio (D:5)
  Menkaure (D:5)
  A porcupine (D:10)
  A black bear (D:8)
  A phantom (D:5)
  An orc warrior (D:8)
  2 ice beasts (D:5)
  A necrophage (D:8)
  2 slaves (D:7)
  4 ogres
  A centaur (D:9)
  2 bullfrogs
  7 killer bees
  2 scorpions
  2 howler monkeys
  13 wights
  2 crimson imps
  A centaur zombie (D:5)
  2 jellies
  4 orc wizards
  Crazy Yiuf (D:5)
  7 orc priests
  2 hounds
  2 bullfrog skeletons
  2 iguanas (D:4)
  5 worker ants
  A hound zombie (D:5)
  2 hound skeletons (D:4)
  A worker ant zombie (D:8)
  A howler monkey zombie (D:8)
  8 adders
  A howler monkey skeleton (D:5)
  A worm (D:1)
  7 leopard geckos
  31 orcs
  6 giant cockroaches
  7 goblins
  7 hobgoblins
  18 jackals
  5 quokkas
  2 ball pythons (D:2)
  11 bats
  6 frilled lizards
  A giant cockroach zombie (D:5)
  10 kobolds
  A quokka zombie (D:5)
  10 rats
212 creatures vanquished.

Vanquished Creatures (others)
  A fungus (D:10)
  3 plants (D:10)
4 creatures vanquished.

Grand Total: 216 creatures vanquished

Notes
Turn   | Place    | Note
-------+----------+-------------------------------------------
     0 | D:1      | Unholydonuts the Deep Elf Fire Elementalist began the quest
                  | for the Orb.
     0 | D:1      | Reached XP level 1. HP: 10/10 MP: 6/6
   257 | D:1      | Reached XP level 2. HP: 15/15 MP: 5/8
   288 | D:1      | Learned a level 2 spell: Throw Flame
  1190 | D:1      | Reached XP level 3. HP: 12/19 MP: 0/10
  1392 | D:1      | Learned a level 3 spell: Conjure Flame
  1548 | D:2      | Reached skill level 3 in Stealth
  1650 | D:2      | Reached skill level 2 in Conjurations
  2197 | D:1      | Reached skill level 3 in Dodging
  2197 | D:1      | Reached skill level 4 in Spellcasting
  2613 | D:2      | Reached XP level 4. HP: 24/24 MP: 9/12
  2641 | D:2      | Learned a level 4 spell: Sticky Flame
  3379 | D:3      | Found an opulent altar of Gozag.
  3951 | D:3      | Reached skill level 1 in Fighting
  3951 | D:3      | Reached skill level 4 in Fire Magic
  3951 | D:3      | Reached XP level 5. HP: 29/29 MP: 5/14
  4099 | D:3      | Reached skill level 5 in Spellcasting
  4627 | D:3      | Reached skill level 3 in Conjurations
  4627 | D:3      | Reached XP level 6. HP: 34/34 MP: 3/16
  5138 | D:3      | Learned a level 5 spell: Fireball
  5400 | D:4      | Reached skill level 6 in Spellcasting
  5532 | D:4      | Found Rabor's Gadget Shop.
  5544 | D:4      | Reached skill level 2 in Fighting
  5544 | D:4      | Reached XP level 7. HP: 40/40 MP: 5/18
  5623 | D:4      | Bought a wand of polymorph (5) for 77 gold pieces
  6245 | D:4      | Found a bloodstained altar of Trog.
  6246 | D:4      | Found an ornate altar of the Wu Jian Council.
  6285 | D:4      | Found a sacrificial altar of Ru.
  6430 | D:5      | Entered Level 5 of the Dungeon
  6660 | D:5      | Reached skill level 4 in Stealth
  6794 | D:5      | Reached skill level 4 in Dodging
  6794 | D:5      | Reached skill level 5 in Fire Magic
  6830 | D:5      | Reached skill level 7 in Spellcasting
  6996 | D:5      | Found an iron altar of Okawaru.
  7269 | D:5      | Reached skill level 4 in Conjurations
  7572 | D:5      | Reached XP level 8. HP: 45/45 MP: 12/21
  7666 | D:5      | Reached skill level 3 in Fighting
  7794 | D:5      | Reached skill level 5 in Stealth
  7832 | D:5      | Noticed Eustachio
  7862 | D:5      | Killed Eustachio
  7862 | D:5      | Reached skill level 8 in Spellcasting
  8230 | D:5      | Noticed Menkaure
  8237 | D:5      | Killed Menkaure
  8526 | D:5      | Found a runed translucent door.
  8527 | D:5      | Noticed Crazy Yiuf
  8532 | D:5      | Killed Crazy Yiuf
  8532 | D:5      | Reached skill level 5 in Dodging
  8832 | D:6      | Found a staircase to the Ecumenical Temple.
  8839 | Temple   | Entered the Ecumenical Temple
  8859 | Temple   | Became a worshipper of Vehumet
  9129 | D:6      | Got a glittering glass ring
  9212 | D:6      | Identified the ring "Fukliur" {Ice *Corrode rPois MR+++
                  | Stlth+} (You found it on level 6 of the Dungeon)
  9213 | D:6      | Unholydonuts: ??corrode
  9213 | D:6      | beem: corrode[1/1]: A randart property that gives you a 3%
                  | chance to be corroded (see {acid}) upon taking damage.
  9471 | D:6      | Found a shattered altar of Ashenzari.
  9473 | D:6      | Found a blossoming altar of Fedhas.
  9833 | D:7      | Noticed Pikel
 10282 | D:7      | Found a shadowy altar of Dithmenos.
 10288 | D:7      | Reached skill level 4 in Fighting
 10297 | D:7      | Reached XP level 9. HP: 52/52 MP: 12/23
 10455 | D:7      | Reached skill level 5 in Conjurations
 10455 | D:7      | Reached skill level 6 in Fire Magic
 10536 | D:7      | Killed Pikel
 10536 | D:7      | Reached skill level 6 in Stealth
 10536 | D:7      | Reached skill level 9 in Spellcasting
 11338 | D:8      | You fall through a shaft for 2 floors!
 11338 | D:10     | Entered Level 10 of the Dungeon
 11689 | D:8      | Reached skill level 6 in Dodging
 11812 | D:8      | Reached skill level 5 in Fighting
 11958 | D:8      | Reached * piety under Vehumet
 11958 | D:8      | Offered knowledge of Magic Dart by Vehumet.
 11969 | D:8      | Learned a level 1 spell: Magic Dart
 11999 | D:8      | Reached skill level 10 in Spellcasting
 12515 | D:8      | Found a burning altar of Makhleb.
 12672 | D:8      | Learned a level 1 spell: Animate Skeleton
 13512 | D:9      | Noticed a two-headed ogre
 13524 | D:9      | Killed a two-headed ogre
 13524 | D:9      | Reached skill level 7 in Stealth
 13524 | D:9      | Reached skill level 6 in Conjurations
 13524 | D:9      | Reached XP level 10. HP: 59/59 MP: 13/26
 13707 | D:9      | Learned a level 3 spell: Inner Flame
 14051 | D:10     | Noticed Fannar
 14054 | D:10     | Noticed Joseph
 14070 | D:10     | Killed Fannar
 14070 | D:10     | Reached skill level 7 in Fire Magic
 14479 | D:10     | HP: 15/60 [Joseph/+5 quarterstaff of protection (13)]
 14480 | D:10     | Killed Joseph
 14480 | D:10     | Reached skill level 6 in Fighting
 14480 | D:10     | Reached skill level 7 in Dodging
 14480 | D:10     | Reached skill level 11 in Spellcasting
 14570 | D:10     | Killed from afar by Joseph the human skeleton

Skill      XL: |  1  2  3  4  5  6  7  8  9 10 |
---------------+-------------------------------+-----
Stealth        | 3 4 5 7 |  7.4
Conjurations   | 2 3 4 6 |  6.3
Dodging        | 3 4 5 6 7 |  7.0
Spellcasting   | 4 5 6 7 8 10 11 | 11.1
Fighting       | 1 2 4 5 6 |  6.1
Fire Magic     | 4 5 6 7 |  7.3

Action                   |  1- 3 |  4- 6 |  7- 9 | 10-12 || total
-------------------------+-------+-------+-------+-------++-------
 Fire: Hunting sling     |    14 |    53 |    54 |       ||   121
Throw: Stone             |     1 |       |       |       ||     1
 Cast: Flame Tongue      |    24 |       |    21 |       ||    45
       Throw Flame       |    43 |    84 |   272 |    16 ||   415
       Conjure Flame     |     2 |     6 |     3 |       ||    11
       Sticky Flame      |       |       |    24 |     5 ||    29
       Magic Dart        |       |       |    22 |     1 ||    23
       Animate Skeleton  |       |       |     3 |     2 ||     5
       Fireball          |       |       |     2 |       ||     2
       Inner Flame       |       |       |       |     3 ||     3
  Use: Scroll            |       |     6 |    12 |       ||    18
       Potion            |       |       |     1 |       ||     1
  Eat: Chunk             |     6 |     6 |    16 |     1 ||    29
       Ration            |       |     1 |     3 |     1 ||     5
Armor: Robe              |     3 |     1 |     9 |     6 ||    19
       Leather armour    |       |       |     5 |       ||     5
Dodge: Dodged            |     8 |    12 |   100 |    31 ||   151
Block: Other             |       |       |    16 |       ||    16

Vault maps used:
D:1:      wander_arrival_abandoned_jail
D:2:      first_ration
D:3:      minmay_door_path, grunt_gozag_statues
D:4:      cheibrodos_helix_gallery, nicolae_ru_path_of_blood,
          gammafunk_temple_overflow_pools, portal_sewer_entry_d,
          serial_co_window_serial, co_window_of_opportunity_a,
          co_window_corner_a, co_window_paths_a, co_window_paths_a,
          co_window_corner_a, co_window_cross_1, co_window_corner_a,
          co_window_unsneaky_path_c, co_window_4corner_b, serial_shops, shop
D:5:      nicolae_overflow_hidden_temple, serial_column_ruins, column_ruins_hut,
          column_ruins_temple_circle, column_ruins_grid_4, column_ruins_grid_1,
          column_ruins_grid_1, column_ruins_grid_1, column_ruins_open_tiny,
          uniq_crazy_yiuf_cottage, uniq_menkaure, uniq_eustachio
D:6:      minitemple, minmay_temple_entry_proselytizer
D:7:      old_standard_altar, minmay_holes, uniq_pikel
D:8:      lemuel_doored_altar
D:10:     grunt_lair_entry_orc_guard_hut, uniq_joseph, uniq_fannar
Temple:   eino_temple_water

Table legend:
 A = Turns spent in this place as a percentage of turns spent in the entire game.
 B = Non-inter-level travel turns spent in this place as a percentage of non-inter-level travel turns spent in the entire game.
 C = Inter-level travel turns spent in this place as a percentage of turns spent in this place.
 D = Turns resting spent in this place as a percentage of non-inter-level travel turns spent in this place.
 E = Turns spent auto-exploring this place as a percentage of non-inter-level travel turns spent in this place.
 F = Non-inter-level travel turns spent in this place divided by the number of levels of this place that you've seen.
                   A       B       C       D       E      F
               +-------+-------+-------+-------+-------+----------------------
         Total | 100.0 | 100.0 |   4.7 |  39.0 |  36.7 | 1262.4
       Dungeon |  98.3 |  98.2 |   4.8 |  39.7 |  36.0 | 1363.8
        Temple |   1.7 |   1.8 |   0.0 |   0.0 |  71.8 | 248.0
               +-------+-------+-------+-------+-------+----------------------

Table legend:
 A = Kills in this place as a percentage of kills in entire the game.
 B = Kills by you in this place as a percentage of kills by you in the entire game.
 C = Kills by friends in this place as a percentage of kills by friends in the entire game.
 D = Other kills in this place as a percentage of other kills in the entire game.
 E = Experience gained in this place as a percentage of experience gained in the entire game.
 F = Experience gained in this place divided by the number of levels of this place that you have seen.
                   A       B       C       D       E      F
               +-------+-------+-------+-------+-------+----------------------
         Total | 100.0 | 100.0 |   N/A |   N/A | 100.0 | 758.4
       Dungeon | 100.0 | 100.0 |   N/A |   N/A | 100.0 | 834.2
               +-------+-------+-------+-------+-------+----------------------
